 Dungeon Sprint DCSS version 0.27-a0-1378-gdefffd1ff6 (webtiles) character file.

Game seed: 6995630344911756025

79882 mhtbhm the Archmage (level 15, -8/74 HPs)
             Began as a Deep Elf Earth Elementalist on June 29, 2021.
             Was the Champion of Vehumet.
             Mangled by Ziw Zus the pandemonium lord (10 damage)
             ... in the Dungeon (Sprint VII: "The Pits").
             The game lasted 00:17:16 (5157 turns).

mhtbhm the Archmage (Deep Elf Earth Elementalist)   Turns: 5157, Time: 00:17:16

Health: -8/74      AC: 12    Str: 11    XL:     15   Next: 22%
Magic:  48/48      EV: 17    Int: 41    God:    Vehumet [******]
Gold:   121        SH:  5    Dex: 17    Spells: 5/68 levels left

rFire    + . .     SeeInvis .   r - +4 quarterstaff of Indomitability {vorpal, Int+5}
rCold    . . .     Faith    .   (shield currently unavailable)
rNeg     . . .     Spirit   .   b - +0 steam dragon scales
rPois    +         Reflect  +   m - +1 helmet
rElec    +         Harm     .   e - +0 cloak
rCorr    +         Rampage  .   w - +1 pair of gloves
Will     +....     NoTele   +   l - +1 pair of boots
Stlth    +++++.....             M - amulet of Wikhlura {Reflect Dex+2 SH+5 Stlth+}
HPRegen  0.22/turn              Q - ring "Cevvun" {rElec rPois rCorr}
MPRegen  0.31/turn              J - ring "Huegi" {rF+ Str+6 Int+9 Stlth+}

@: hasted, studying Bows, very quick
A: no striking features
a: Renounce Religion


You were in the Dungeon.
You worshipped Vehumet.
Vehumet was exalted by your worship.
You visited 1 branch You collected 121 gold pieces.

Inventory:

Hand Weapons
 a - a +8 dire flail of draining
 r - the +4 quarterstaff of Indomitability (weapon) {vorpal, Int+5}
   (You found it in the Dungeon)

   It inflicts extra damage upon your enemies.
   Int:       It affects your intelligence (+5).
Missiles
 i - 34 stones
 s - a curare-tipped dart (quivered)
Armour
 b - +0 steam dragon scales (worn)
 e - a +0 cloak (worn)
 l - a +1 pair of boots (worn)
 m - a +1 helmet (worn)
 w - a +1 pair of gloves (worn)
 E - the +0 tower shield "Poizaist" {Str+3 Int+2}
   (You took it off a daeva in the Dungeon)

   Str:       It affects your strength (+3).
   Int:       It affects your intelligence (+2).
Jewellery
 B - the ring "Wicaig" {rElec rCorr Slay+2}
   (You found it in the Dungeon)

   [ring of resist corrosion]

   Slay:      It affects your accuracy & damage with ranged weapons and melee
   (+2).
   rElec:     It insulates you from electricity.
   rCorr:     It protects you from acid and corrosion.
 C - the ring "Xaumemp" {rElec rPois Str+6}
   (You found it in the Dungeon)

   [ring of strength]

   Str:       It affects your strength (+6).
   rElec:     It insulates you from electricity.
   rPois:     It protects you from poison.
 I - the amulet of Cuul {RegenMP rF- rC+ MP+9 Str+4}
   (You found it in the Dungeon)

   [amulet of magic regeneration]

   It increases your rate of magic regeneration.Str: It affects your strength
   (+4).
   rF:        It makes you vulnerable to fire.
   rC:        It protects you from cold.
   MP:        It affects your magic capacity (+9).
 J - the ring "Huegi" (right hand) {rF+ Str+6 Int+9 Stlth+}
   (You found it in the Dungeon)

   [ring of strength]

   Str:       It affects your strength (+6).
   Int:       It affects your intelligence (+9).
   rF:        It protects you from fire.
   Stlth:     It makes you more stealthy.
 K - the ring "Xophel" {rElec rC+ EV+6}
   (You found it in the Dungeon)

   [ring of evasion]

   EV:        It affects your evasion (+6).
   rC:        It protects you from cold.
   rElec:     It insulates you from electricity.
 L - the ring of Rausk {rElec rPois Dex+2}
   (You found it in the Dungeon)

   [ring of poison resistance]

   Dex:       It affects your dexterity (+2).
   rElec:     It insulates you from electricity.
   rPois:     It protects you from poison.
 M - the amulet of Wikhlura (around neck) {Reflect Dex+2 SH+5 Stlth+}
   (You found it in the Dungeon)

   [amulet of reflection]

   It reflects blocked missile attacks.Dex: It affects your dexterity (+2).
   SH:        It affects your SH (+5).
   Stlth:     It makes you more stealthy.
 Q - the ring "Cevvun" (left hand) {rElec rPois rCorr}
   (You found it in the Dungeon)

   [ring of poison resistance]

   rElec:     It insulates you from electricity.
   rPois:     It protects you from poison.
   rCorr:     It protects you from acid and corrosion.
Wands
 q - a wand of mindburst (18)
 F - a wand of digging (6)
Scrolls
 j - 5 scrolls of amnesia
 k - a scroll of summoning
 t - 6 scrolls of enchant armour
 u - 6 scrolls of enchant weapon
 v - a scroll of fear
 z - a scroll of identify
Potions
 c - 10 potions of curing
 d - 16 potions of heal wounds
 f - 7 potions of magic
 g - 4 potions of berserk rage
 o - 3 potions of might
 p - 4 potions of brilliance
 x - 3 potions of haste
 A - 2 potions of mutation


   Skills:
 + Level 1.1 Fighting
 + Level 8.4 Dodging
 + Level 6.0 Stealth
 O Level 27 Spellcasting
 + Level 10.1 Conjurations
 + Level 1.7 Summonings
 + Level 1.1 Translocations
 + Level 4.9 Transmutations
 * Level 23.2 Fire Magic
 O Level 27 Earth Magic


You had 5 spell levels left.
You knew the following spells:

 Your Spells              Type           Power      Damage    Failure   Level
a - Sandblast             Erth           100%       2d20      0%          1
b - Passwall              Tmut/Erth      93%        N/A       0%          2
c - Stone Arrow           Conj/Erth      100%       3d13      0%          3
d - Lee's Rapid Deconstr  Erth           67%        3d32*     0%          5
e - Petrify               Tmut/Erth      100%       N/A       0%          4
f - Bolt of Magma         Conj/Fire/Erth 60%        4d24      0%          5
g - Orb of Destruction    Conj           47%        9d15      1%          7
h - Iron Shot             Conj/Erth      59%        9d11      0%          6
i - Summon Forest         Summ/Tloc      30%        N/A       4%          5
j - Shatter               Erth           67%        3d50*     1%          9
k - Lehudib's Crystal Sp  Conj/Erth      59%        10d14     1%          8
l - Ignition              Fire           64%        3d17      1%          8

Your spell library contained the following spells:

 Spells                   Type           Power      Damage    Failure   Level
 Foxfire                  Conj/Fire      100%       2x1d9     0%          1
 Conjure Flame            Conj/Fire      100%       6-21      0%          3
 Ignite Poison            Fire/Tmut/Pois 93%        N/A       0%          3
 Inner Flame              Hex/Fire       100%       N/A       0%          3
 Animate Armour           Summ/Erth      100%       N/A       0%          4
 Leda's Liquefaction      Hex/Erth       52%        N/A       0%          4
 Sticky Flame             Conj/Fire      100%       2d11      0%          4
 Fireball                 Conj/Fire      56%        3d22      0%          5
 Animate Skeleton         Necr           100%       N/A       1%          1
 Beastly Appendage        Tmut           100%       N/A       1%          1
 Corona                   Hex            58%        N/A       1%          1
 Pain                     Necr           100%       1d9       1%          1
 Ensorcelled Hibernation  Hex/Ice        100%       N/A       1%          2
 Slow                     Hex            53%        N/A       1%          2
 Static Discharge         Conj/Air       77%        N/A       1%          2
 Sublimation of Blood     Necr           26%        N/A       1%          2
 Wereblood                Tmut           77%        N/A       1%          2
 Confusing Touch          Hex            53%        N/A       1%          3
 Dazzling Flash           Conj/Hex       100%       N/A       1%          3
 Frozen Ramparts          Ice            100%       1d12      1%          3
 Ozocubu's Armour         Ice            53%        N/A       1%          3
 Portal Projectile        Hex/Tloc       100%       N/A       1%          3
 Spider Form              Tmut/Pois      33%        N/A       1%          3
 Tukima's Dance           Hex            53%        N/A       1%          3
 Vampiric Draining        Necr           26%        2d9       1%          3
 Ice Form                 Ice/Tmut       66%        N/A       1%          4
 Borgnjor's Vile Clutch   Necr/Erth      52%        N/A       1%          5
 Irradiate                Conj/Tmut      43%        3d28      1%          5
 Lightning Bolt           Conj/Air       38%        1d57      1%          5
 Yara's Violent Unravell  Hex/Tmut       33%        3d14      1%          5
 Animate Dead             Necr           26%        N/A       2%          4
 Cause Fear               Hex            26%        N/A       2%          4
 Dispel Undead            Necr           53%        3d19      2%          4
 Alistair's Intoxication  Tmut/Pois      44%        N/A       3%          5
 Summon Mana Viper        Hex/Summ       58%        N/A       5%          5
 Agony                    Necr           53%        N/A       8%          5
 Silence                  Hex/Air        26%        N/A       8%          5
 Statue Form              Tmut/Erth      74%        N/A       1%          6
 Eringya's Noxious Bog    Tmut/Pois      33%        N/A       4%          6
 Shadow Creatures         Summ           N/A        N/A       22%         6
 Summon Hydra             Summ           31%        N/A       75%         7
 Discord                  Hex            26%        N/A       100%        8
 Polar Vortex             Ice            26%        N/A       100%        9


Dungeon Overview and Level Annotations

Branches:
Dungeon (1/1)

Altars:
Ashenzari
Cheibriados
Dithmenos
Elyvilon
Fedhas
Gozag
Hepliaklqana
Kikubaaqudgha
Makhleb
Nemelex Xobeh
Okawaru
Qazlal
Ru
Sif Muna
Trog
Uskayaw
Vehumet
Wu Jian
Xom
Yredelemnul
Zin
The Shining One
Beogh
Jiyva
Lugonu


Message History

You feel your power returning.
Your Stealth skill increases to level 6!
Your Conjurations skill increases to level 10!
Unknown command.
You start resting.
Magic restored.
There is an open door here.
As you open the door, it creaks loudly!
Ziw Zus comes into view. It is armed with a painful touch.
Ziw Zus shouts, "I will devour thy heart!"
Unknown command.
Press: ? - help, v - describe, . - travel
Here: Ziw Zus, armed with a painful touch An open door.
Blink to where?
Press: ? - help, Dir - move target
As you read the scroll of blinking, it crumbles to dust.
Unknown command.
Casting: Lehudib's Crystal Spear (dangerous; 1% risk of failure)
Confirm with . or Enter, or press ? or * to list all spells.
You can't see any susceptible monsters within range! (Use Z to cast anyway.)
Casting: Lehudib's Crystal Spear (dangerous; 1% risk of failure)
Confirm with . or Enter, or press ? or * to list all spells.
Okay, then.
You feel yourself speed up. Ziw Zus gestures at you.
You suddenly lose the ability to move!
Ziw Zus gestures at you. The bolt of energy hits you!!!
Ouch! That really hurt!
Ziw Zus gestures at you. The bolt of energy hits you!!
* * * LOW HITPOINT WARNING * * *
Ziw Zus gestures.
Ziw Zus barely misses you.
You can move again.
You feel much better. Ziw Zus bites you!!
* * * LOW HITPOINT WARNING * * *
You writhe in agony!
You die...

#.#
#'#
#.#
#'#
#.#
#)#
##.##
#.&.#
+1@)#
##)##
#'#
#)#
#)#
#.#
#'#
#.#
#'#


You could see Ziw Zus and an Ice Fiend (summoned).

Vanquished Creatures
  Boris (D)
  A pandemonium lord (D)
  A golden dragon (D)
  2 deep elf blademasters (D)
  An acid blob (D)
  A quicksilver dragon (D)
  A death cob (D)
  A sphinx (D)
  A nagaraja (D)
  2 daevas (D)
  3 draconian knights (D)
  2 orc warlords (D)
  2 draconian stormcallers (D)
  2 draconian shifters (D)
  A vampire knight (D)
  2 deep elf annihilators (D)
  A green draconian (D)
  A lorocyproca (D)
  A black draconian (D)
  2 minotaurs (D)
  A white draconian (D)
  4 deep elf death magi (D)
  A vault guard (D)
  A hell beast (D)
  2 deep elf high priests (D)
  4 naga warriors (D)
  3 vampire magi (D)
  3 deep elf knights (D)
  4 hell knights (D)
  A sea snake (D)
  An iron troll (D)
  A flayed ghost (D)
  A deep troll (D)
  A bog body (D)
  A phantasmal warrior (D)
  3 necromancers (D)
  A deep elf pyromancer (D)
  2 swamp dragons (D)
  2 deep elf zephyrmancers (D)
  11 orc knights (D)
  2 cyclopes (D)
  A salamander (shapeshifter) (D)
  A manticore (D)
  A merfolk siren (D)
  A black mamba (D)
  A naga mage (D)
  3 molten gargoyles (D)
  2 rime drakes (D)
  3 kobold demonologists (D)
  A cane toad (D)
  A komodo dragon (D)
  Psyche (D)
  A hellwing (D)
  A guardian mummy (D)
  An ice devil (D)
  A polar bear (D)
  6 dream sheep (D)
  4 hornets (D)
  A flying skull (D)
  3 spriggans (D)
  A wyvern (D)
  A ynoxinul (D)
  Eustachio (D)
  2 fire bats (D)
  A golden eye (D)
  2 steam dragons (D)
  A warg (D)
  Edmund (D)
  A water moccasin (D)
  An acid dragon (D)
  A floating eye (D)
  3 necrophages (D)
  3 kobold brigands (D)
  A scorpion (D)
  An earth elemental (D)
  4 killer bees (D)
  A crimson imp (D)
  Crazy Yiuf (D)
  A jelly (D)
  An orc wizard (D)
  4 gnolls (D)
  An ufetubus (D)
  An adder simulacrum (D)
  3 orcs (D)
  A ball python (D)
  2 bats (D)
  A giant cockroach (D)
  3 hobgoblins (D)
  2 jackals (D)
  A quokka (D)
  A giant cockroach simulacrum (D)
  A giant cockroach zombie (D)
  A jackal skeleton (D)
  A kobold (D)
  A quokka skeleton (D)
  3 rats (D)
169 creatures vanquished.

Vanquished Creatures (collateral kills)
  An orc knight (D)
1 creature vanquished.

Vanquished Creatures (others)
  A snaplasher vine (D)
1 creature vanquished.

Grand Total: 171 creatures vanquished

Notes
Turn   | Place    | Note
-------+----------+-------------------------------------------
     0 | D        | mhtbhm the Deep Elf Earth Elementalist began the quest for
                  | the Orb.
     0 | D        | Reached XP level 1. HP: 10/10 MP: 6/6
    23 | D        | Found a bloodstained altar of Trog.
    23 | D        | Found a shimmering blue altar of Sif Muna.
    23 | D        | Found a viscous altar of Jiyva.
    23 | D        | Found a hazy altar of Hepliaklqana.
    23 | D        | Found an opulent altar of Gozag.
    24 | D        | Found a glowing golden altar of the Shining One.
    24 | D        | Found a glowing silver altar of Zin.
    24 | D        | Found a basalt altar of Yredelemnul.
    24 | D        | Found a shimmering altar of Xom.
    24 | D        | Found an ornate altar of the Wu Jian Council.
    24 | D        | Found a sacrificial altar of Ru.
    24 | D        | Found a stormy altar of Qazlal.
    24 | D        | Found an iron altar of Okawaru.
    24 | D        | Found a sparkling altar of Nemelex Xobeh.
    24 | D        | Found a burning altar of Makhleb.
    24 | D        | Found a blossoming altar of Fedhas.
    24 | D        | Found a white marble altar of Elyvilon.
    24 | D        | Found a shadowy altar of Dithmenos.
    24 | D        | Found a snail-covered altar of Cheibriados.
    26 | D        | Found a radiant altar of Vehumet.
    26 | D        | Found a corrupted altar of Lugonu.
    27 | D        | Found a hide-covered altar of Uskayaw.
    27 | D        | Found an ancient bone altar of Kikubaaqudgha.
    27 | D        | Found a broken altar of Ashenzari.
    36 | D        | Became a worshipper of Vehumet
   118 | D        | Reached * piety under Vehumet
   118 | D        | Offered knowledge of Freeze by Vehumet.
   186 | D        | Reached skill level 5 in Earth Magic
   186 | D        | Reached XP level 2. HP: 15/15 MP: 9/9
   186 | D        | Reached ** piety under Vehumet
   190 | D        | Learned a level 2 spell: Passwall
   358 | D        | Noticed a crimson imp
   368 | D        | Offered knowledge of Poisonous Vapours by Vehumet.
   372 | D        | Killed a crimson imp
   372 | D        | Reached *** piety under Vehumet
   373 | D        | Reached XP level 3. HP: 19/19 MP: 7/12
   373 | D        | Noticed Edmund
   378 | D        | Reached XP level 4. HP: 24/24 MP: 6/14
   395 | D        | Killed Edmund
   396 | D        | Reached XP level 5. HP: 28/28 MP: 3/19
   396 | D        | Reached **** piety under Vehumet
   452 | D        | Reached skill level 10 in Spellcasting
   548 | D        | Learned a level 3 spell: Stone Arrow
   554 | D        | Learned a level 5 spell: Lee's Rapid Deconstruction
   559 | D        | Learned a level 4 spell: Petrify
   563 | D        | Noticed a necrophage
   564 | D        | Killed a necrophage
   564 | D        | Offered knowledge of Static Discharge by Vehumet.
   565 | D        | Reached skill level 10 in Earth Magic
   565 | D        | Reached XP level 6. HP: 32/32 MP: 16/22
   599 | D        | Noticed a cane toad
   601 | D        | Killed a cane toad
   602 | D        | Reached XP level 7. HP: 36/36 MP: 12/25
   671 | D        | Noticed Crazy Yiuf
   672 | D        | Reached ***** piety under Vehumet
   672 | D        | Killed Crazy Yiuf
   739 | D        | Noticed a hornet
   740 | D        | Offered knowledge of Hailstorm by Vehumet.
   746 | D        | Killed a flying skull
   749 | D        | Killed a hornet
   750 | D        | Reached skill level 15 in Spellcasting
   750 | D        | Reached XP level 8. HP: 41/41 MP: 1/29
  1033 | D        | Got the +4 quarterstaff of Indomitability {vorpal, Int+5}
  1104 | D        | Noticed a rime drake
  1107 | D        | Killed a rime drake
  1107 | D        | Offered knowledge of Fireball by Vehumet.
  1107 | D        | Reached ****** piety under Vehumet
  1108 | D        | Reached skill level 5 in Dodging
  1113 | D        | Noticed a molten gargoyle
  1115 | D        | Killed a molten gargoyle
  1116 | D        | Reached skill level 5 in Stealth
  1301 | D        | Noticed a spriggan rider
  1303 | D        | Killed a hornet
  1303 | D        | Offered knowledge of Conjure Ball Lightning by Vehumet.
  1304 | D        | Reached XP level 9. HP: 45/45 MP: 21/32
  1305 | D        | Reached skill level 15 in Earth Magic
  1395 | D        | Noticed a minotaur
  1397 | D        | Noticed a molten gargoyle
  1400 | D        | Killed a minotaur
  1401 | D        | Killed a molten gargoyle
  1589 | D        | Noticed a guardian mummy
  1591 | D        | Killed a guardian mummy
  1717 | D        | Offered knowledge of Bolt of Magma by Vehumet.
  1717 | D        | Noticed a necromancer
  1719 | D        | Killed a necromancer
  1720 | D        | Reached XP level 10. HP: 50/50 MP: 22/35
  1917 | D        | Learned a level 5 spell: Bolt of Magma
  1950 | D        | Noticed a deep elf pyromancer
  1951 | D        | Killed a deep elf pyromancer
  1989 | D        | Noticed Psyche
  1990 | D        | Killed Psyche
  1990 | D        | Offered knowledge of Lightning Bolt by Vehumet.
  2010 | D        | Noticed a manticore
  2010 | D        | Noticed a deep elf zephyrmancer
  2012 | D        | Killed a deep elf zephyrmancer
  2014 | D        | Killed a manticore
  2056 | D        | Noticed a sea snake
  2061 | D        | Killed a sea snake
  2222 | D        | Noticed a deep troll
  2224 | D        | Killed a deep troll
  2224 | D        | Offered knowledge of Starburst by Vehumet.
  2225 | D        | Reached XP level 11. HP: 54/54 MP: 33/39
  2286 | D        | Noticed a bog body
  2289 | D        | Noticed a deep elf zephyrmancer
  2290 | D        | Killed a deep elf zephyrmancer
  2292 | D        | Killed a bog body
  2386 | D        | Offered knowledge of Orb of Destruction by Vehumet.
  2388 | D        | Noticed a phantasmal warrior
  2391 | D        | Killed a phantasmal warrior
  2391 | D        | Noticed Eustachio
  2396 | D        | Killed Eustachio
  2401 | D        | Noticed a flayed ghost
  2403 | D        | Killed a flayed ghost
  2501 | D        | Noticed a minotaur
  2534 | D        | Learned a level 7 spell: Orb of Destruction
  2547 | D        | Killed a minotaur
  2547 | D        | Offered knowledge of Iskenderun's Battlesphere by Vehumet.
  2548 | D        | Reached XP level 12. HP: 59/59 MP: 17/42
  2871 | D        | Noticed a deep elf death mage
  2873 | D        | Identified the +0 tower shield "Poizaist" {Str+3 Int+2}
  2873 | D        | Identified the ring "Ymuekheu" {Will- Int+6 SInv Stlth+}
  2873 | D        | Noticed a daeva
  2877 | D        | Killed a daeva
  2878 | D        | Killed a deep elf death mage
  2879 | D        | Offered knowledge of Iron Shot by Vehumet.
  3076 | D        | Got the amulet "Yhixkoem" {Acrobat Dex+3}
  3159 | D        | Learned a level 6 spell: Iron Shot
  3165 | D        | Learned a level 5 spell: Summon Forest
  3186 | D        | Noticed an orc warlord
  3186 | D        | Noticed an orc warlord
  3190 | D        | Noticed a naga warrior
  3190 | D        | Noticed a vault guard
  3191 | D        | Noticed a death cob
  3191 | D        | Noticed a deep elf blademaster
  3191 | D        | Noticed a vampire knight
  3192 | D        | Noticed a naga warrior
  3193 | D        | Reached skill level 1 in Fighting
  3195 | D        | Noticed a naga warrior
  3195 | D        | Noticed a naga warrior
  3204 | D        | Killed a death cob
  3205 | D        | Reached skill level 1 in Summonings
  3205 | D        | Killed a vampire knight
  3205 | D        | Killed an orc warlord
  3205 | D        | Noticed a white draconian
  3211 | D        | Offered knowledge of Lehudib's Crystal Spear by Vehumet.
  3211 | D        | Offered knowledge of Shatter by Vehumet.
  3211 | D        | Offered knowledge of Ignition by Vehumet.
  3212 | D        | Reached skill level 27 in Spellcasting
  3212 | D        | Reached skill level 1 in Translocations
  3212 | D        | Killed a vault guard
  3217 | D        | Killed a naga warrior
  3218 | D        | Reached XP level 13. HP: 56/64 MP: 15/46
  3219 | D        | Killed an orc warlord
  3229 | D        | Killed a white draconian
  3230 | D        | Killed a deep elf blademaster
  3790 | D        | Learned a level 9 spell: Shatter
  3799 | D        | Learned a level 8 spell: Lehudib's Crystal Spear
  3808 | D        | Learned a level 8 spell: Ignition
  3827 | D        | Noticed Nautig the pandemonium lord
  3880 | D        | Reached skill level 1 in Fire Magic
  3885 | D        | Noticed a black draconian
  3887 | D        | Noticed a green draconian
  3888 | D        | Noticed a black draconian knight
  3889 | D        | Killed a black draconian
  3889 | D        | Killed a green draconian
  3889 | D        | Noticed a deep elf death mage
  3891 | D        | Killed a black draconian knight
  3891 | D        | Killed a deep elf death mage
  3892 | D        | Reached skill level 27 in Earth Magic
  3901 | D        | Noticed a red draconian knight
  3902 | D        | Noticed a deep elf blademaster
  3903 | D        | Killed a red draconian knight
  3904 | D        | Killed a deep elf blademaster
  3904 | D        | Killed a deep elf annihilator
  3904 | D        | Killed a deep elf annihilator
  3905 | D        | Reached XP level 14. HP: 41/70 MP: 28/47
  3914 | D        | Killed Boris
  3915 | D        | Reached skill level 15 in Fire Magic
  3939 | D        | Killed a nagaraja
  3946 | D        | Noticed a red draconian stormcaller
  3949 | D        | Killed a sphinx
  3949 | D        | Killed a red draconian stormcaller
  3964 | D        | Noticed a daeva
  3967 | D        | Killed a daeva
  4215 | D        | Got Qyvakhiw's Reference Book on Ice
  4253 | D        | Got the Reference Book on Burning Sinister Magic
  4316 | D        | Got the amulet "Ozuil" {Spirit rF+++ rC- Dex+9}
  4318 | D        | Got the ring "Wicaig" {rElec rCorr Slay+2}
  4320 | D        | Got the amulet "Hukotuv" {Reflect +Inv rPois rC- SH+5 SInv}
  4322 | D        | Got the amulet "Misidu" {Faith rC- Str+3 Dex+2 Slay+2}
  4324 | D        | Got the ring "Put-Me-On" {MP+9 Int+4}
  4326 | D        | Got the amulet of Cuul {RegenMP rF- rC+ MP+9 Str+4}
  4328 | D        | Got the amulet "Ganoffom" {Spirit Int+6}
  4330 | D        | Got the amulet "Gukoh" {Spirit Str+2 Int+3}
  4332 | D        | Got the amulet of Vausicreype {Spirit Contam Str+2 Dex+8
                  | Stlth+}
  4334 | D        | Got the amulet of Wikhlura {Reflect Dex+2 SH+5 Stlth+}
  4336 | D        | Got the amulet "Yket" {Spirit -Cast +Inv rN++ rCorr}
  4338 | D        | Got the ring of Zydocw {Contam rC+ Str+3 Slay+5 SInv}
  4340 | D        | Got the amulet "Qeoma" {Acrobat rF- rC++ Str+4 Int+3}
  4370 | D        | Got the ring "Faotefoe" {rC+ Str+6}
  4372 | D        | Got the ring "Xaumemp" {rElec rPois Str+6}
  4374 | D        | Got the ring of Fege {Fly rC+ rCorr Int-3}
  4378 | D        | Got the ring of Moodiness {Fly rC+ Str+3}
  4380 | D        | Got the ring "Huegi" {rF+ Str+6 Int+9 Stlth+}
  4382 | D        | Got the ring "Xophel" {rElec rC+ EV+6}
  4384 | D        | Got the ring of Rausk {rElec rPois Dex+2}
  4386 | D        | Got the ring of the Immovable Curses {Fire Int+4}
  4388 | D        | Got the ring of Abrew {Str+6 Int+4}
  4390 | D        | Got the ring of Xivvudya {Fire Contam Dex+9 SInv}
  4392 | D        | Got the ring "Cevvun" {rElec rPois rCorr}
  4394 | D        | Got the ring of Hasizoet {rF- rN+ rCorr Str+3 Int+6}
  4457 | D        | Killed Nautig the pandemonium lord
  4576 | D        | Noticed a golden dragon
  4578 | D        | Killed a golden dragon
  4619 | D        | Noticed a black draconian shifter
  4621 | D        | Killed a black draconian shifter
  4704 | D        | Noticed a white draconian knight
  4706 | D        | Killed a white draconian knight
  4707 | D        | Reached skill level 5 in Conjurations
  5008 | D        | Noticed a green draconian stormcaller
  5008 | D        | Noticed a quicksilver dragon
  5009 | D        | Killed a quicksilver dragon
  5010 | D        | Reached XP level 15. HP: 74/74 MP: 48/48
  5120 | D        | Noticed an acid blob
  5122 | D        | Killed an acid blob
  5123 | D        | Reached skill level 10 in Conjurations
  5149 | D        | Noticed Ziw Zus the pandemonium lord
  5151 | D        | Paralysed by Ziw Zus for 6 turns
  5157 | D        | Noticed an Ice Fiend
  5157 | D        | HP: 2/74 [Ziw Zus the pandemonium lord (35)]
  5157 | D        | Mangled by Ziw Zus the pandemonium lord

Illustrated notes

Levels and vault maps discovered:
D:        pitsprint [storerooms_1, entrance_room_1, metal_vault_6, armoury_3,
          mini_pit_1, grid_room_1, main_hall_1, silver_pit, the_coven_3,
          the_vestibule_1, steel_vault_2, golden_pit, hallway_of_sentries,
          crystal_vault_2, iron_vault_2, final_vault]

Skill      XL: |  1  2  3  4  5  6  7  8  9 10 11 12 13 14 15 |
---------------+----------------------------------------------+-----
Earth Magic    | 5 6 7 9 10 11 13 14 16 18 21 23 27 | 27.0
Spellcasting   | 4 6 9 11 13 15 17 19 22 24 27 | 27.0
Dodging        | 3 4 5 6 8 |  8.4
Stealth        | 3 4 5 6 |  6.0
Transmutations | 2 4 |  4.9
Fighting       | 1 |  1.1
Summonings     | 1 |  1.7
Translocations | 1 |  1.1
Fire Magic     | 12 22 23 | 23.2
Conjurations   | 7 10 | 10.1

Action                   |  1- 3 |  4- 6 |  7- 9 | 10-12 | 13-15 || total
-------------------------+-------+-------+-------+-------+-------++-------
Melee: Unarmed           |     1 |       |       |       |       ||     1
 Cast: Sandblast         |    22 |     9 |     2 |       |     1 ||    34
       Lee's Rapid Decon |       |     3 |    26 |    67 |    46 ||   142
       Petrify           |       |       |     1 |     5 |       ||     6
       Summon Forest     |       |       |       |     1 |       ||     1
       Lehudib's Crystal |       |       |       |       |    15 ||    15
       Ignition          |       |       |       |       |     1 ||     1
  Use: Potion            |       |     1 |       |     6 |     4 ||    11
       Scroll            |       |       |       |     1 |     1 ||     2
Armor: Robe              |     1 |       |       |       |       ||     1
       Steam dragon scal |       |       |       |     5 |       ||     5
Dodge: Dodged            |     6 |       |     1 |    15 |     6 ||    28

Table legend: (Time is in decaauts)
 A = Elapsed time spent in this place.
 B = Non-inter-level travel time spent in this place.
 C = Inter-level travel time spent in this place.
 D = Time resting spent in this place.
 E = Time spent auto-exploring this place.
 F = Levels seen in this place.
 G = Mean time per level.
                   A        B        C        D        E       F      G
               +--------+--------+--------+--------+--------+-----+--------+
         Total |   5094 |   5094 |      0 |   3292 |     39 |   1 | 5094.0 |
       Dungeon |   5094 |   5094 |      0 |   3292 |     39 |   1 | 5094.0 |
               +--------+--------+--------+--------+--------+-----+--------+

Top non-repeatable levels by time:
       D: 5094 daAuts
